Map: Romanticide LE

Players

MCanning

  • Race: Protoss Protoss

Vindicta - Winner!

  • Race: Terran Terran

VOD

Have the link to the VOD?

Description

Time

  • Played on: Oct. 6, 2021, 5:34 p.m.
  • Length: 9:37
Show
View Real Time Build Order
Export as new Build Order

MCanning Protoss 

Build Orders: 1 Gate Expand, Blink Stalkers 

Get SALT Encoding   

  12  0:00  Probe  
  13  0:12  Probe  
  14  0:17  Pylon  
  14  0:24  Probe  
  15  0:36  Gateway, Probe (Chrono Boost)  
  16  0:46  Assimilator, Probe (Chrono Boost)  
  17  0:51  Probe (Chrono Boost)  
  18  1:03  Probe  
  19  1:15  Probe  
  20  1:23  Nexus  
  20  1:32  Cybernetics Core  
  20  1:35  Probe  
  21  1:44  Assimilator  
  21  1:47  Probe  
  21  1:51  Pylon  
  22  1:59  Probe  
  23  2:06  Adept (Chrono Boost)  
  23  2:10  Warp Gate  
  23  2:11  Probe (Chrono Boost)  
  27  2:22  Probe (Chrono Boost)  
  27  2:27  Probe (Chrono Boost)  
  27  2:29  Stalker  
  30  2:37  Twilight Council, Probe  
  30  2:39  Probe  
  32  2:51  Probe x2 (Chrono Boost)  
  34  3:03  Probe (Chrono Boost)  
  36  3:07  Blink (Chrono Boost), Probe (Chrono Boost)  
  36  3:10  Probe (Chrono Boost)  
  37  3:14  Probe  
  37  3:17  Probe  
  39  3:25  Gateway  
  39  3:26  Probe  
  40  3:27  Gateway  
  40  3:29  Probe  
  41  3:38  Probe  
  41  3:39  Pylon  
  42  3:41  Probe  
  42  3:45  Robotics Facility  
  43  3:50  Probe  
  43  3:53  Probe  
  43  3:54  Assimilator  
  45  4:00  Stalker  
  45  4:02  Probe  
  46  4:06  Probe  
  47  4:12  Pylon  
  47  4:17  Nexus  
  47  4:18  Pylon  
  47  4:19  Probe (Chrono Boost)  
  47  4:22  Sentry  
  47  4:23  Probe (Chrono Boost)  
  51  4:31  Probe (Chrono Boost)  
  52  4:33  Observer  
  52  4:35  Stalker  
  52  4:36  Probe (Chrono Boost)  
  52  4:38  Stalker, Probe (Chrono Boost)  
  58  4:44  Probe  
  60  4:48  Probe, Charge (Chrono Boost)  
  61  4:55  Observer  
  61  4:56  Probe  
  61  4:58  Gateway  
  63  5:00  Gateway  
  63  5:02  Gateway, Probe  
  64  5:07  Gateway  
  64  5:09  Probe  
  64  5:13  Pylon  
  63  5:14  Probe  
  64  5:24  Shield Battery x2  
  64  5:28  Probe  
  69  5:31  Stalker  
  67  5:38  Stalker  
  67  5:39  Stalker  
  67  5:40  Probe  
  70  5:43  Probe x2  
  72  5:52  Probe  
  72  5:53  Pylon  
  72  5:55  Probe x2  
  75  6:00  Zealot  
  75  6:01  Zealot x3  
  80  6:04  Probe  
  80  6:07  Probe x2  
  83  6:16  Observer (Chrono Boost)  
  83  6:17  Probe (Chrono Boost)  
  85  6:22  Shield Battery  
  85  6:23  Probe x2 (Chrono Boost)  
  85  6:24  Forge  
  87  6:26  Sentry  
  87  6:27  Forge  
  87  6:29  Probe (Chrono Boost)  
  91  6:34  Probe x3 (Chrono Boost)  
  91  6:40  Stalker  
  91  6:43  Probe (Chrono Boost)  
  93  6:48  Probe x2 (Chrono Boost)  
  93  6:52  Robotics Bay  
  93  6:53  Stalker x2  
  98  6:54  Probe (Chrono Boost)  
  98  6:56  Robotics Facility  
  98  6:58  Probe (Chrono Boost)  
  98  7:01  Protoss Ground Weapons Level 1 (Chrono Boost)  
  97  7:03  Assimilator  
  97  7:07  Assimilator  
  97  7:09  Stalker  
  97  7:10  Stalker  
  97  7:11  Pylon  
  97  7:14  Protoss Ground Armor Level 1 (Chrono Boost)  
  101  7:18  Assimilator  
  101  7:22  Probe x2  
  101  7:33  Probe  
  101  7:35  Nexus  
  101  7:36  Zealot x3, Pylon  
  101  7:37  Gateway, Pylon  
  108  7:39  Probe  
  108  7:40  Dark Shrine  
  109  7:50  Pylon  
  109  7:52  Observer, Pylon  
  109  7:54  Photon Cannon, Disruptor (Chrono Boost)  
  109  7:55  Observer (Chrono Boost)  
  113  8:01  Zealot x5  
  123  8:05  Zealot  
  123  8:11  Stalker  
  121  8:21  Disruptor  
  121  8:23  Probe  
  121  8:26  Zealot x3  
  121  8:27  Zealot x2  
  127  8:35  Probe  
  108  8:46  Zealot x3  
  108  8:47  Zealot x4  
  120  8:52  Disruptor  
  121  8:57  Disruptor  
  108  9:03  Zealot  
  108  9:08  Zealot x3  
  95  9:17  Zealot x3  
  95  9:22  Zealot  
Show
View Real Time Build Order
Export as new Build Order

Vindicta Terran - Winner!

Build Orders: Reaper Expand, Banshee Rush 

Get SALT Encoding   

  12  0:00  SCV  
  13  0:12  SCV  
  14  0:17  Supply Depot  
  14  0:24  SCV  
  15  0:39  SCV, Barracks  
  16  0:43  Refinery  
  16  0:51  SCV  
  17  1:03  SCV  
  18  1:18  SCV  
  19  1:26  Reaper  
  19  1:30  Orbital Command  
  20  1:44  Command Center  
  20  1:53  Supply Depot  
  20  1:58  Marine  
  20  2:00  SCV  
  22  2:12  SCV  
  23  2:17  Factory  
  23  2:19  Marine  
  24  2:24  SCV  
  24  2:25  Bunker  
  25  2:36  SCV  
  26  2:37  Barracks Reactor  
  26  2:48  SCV  
  27  2:55  Refinery  
  27  2:57  Orbital Command  
  27  3:00  SCV  
  27  3:03  Hellion  
  27  3:05  Starport  
  30  3:12  SCV  
  31  3:13  Marine  
  31  3:14  Marine  
  33  3:22  SCV  
  33  3:24  SCV  
  33  3:26  Supply Depot, Factory Tech Lab  
  35  3:31  Marine  
  36  3:34  SCV  
  36  3:36  SCV  
  38  3:42  Marine  
  38  3:47  SCV  
  40  3:49  Banshee, SCV, Marine  
  40  3:50  Factory Tech Lab  
  43  3:57  Cloaking Field  
  43  3:59  SCV  
  43  4:01  SCV, Marine  
  46  4:05  Supply Depot  
  46  4:07  Marine  
  46  4:11  SCV  
  46  4:13  SCV  
  48  4:18  Command Center  
  48  4:20  Siege Tank  
  48  4:24  SCV  
  52  4:26  SCV  
  52  4:28  Supply Depot, Marine  
  52  4:31  Marine  
  55  4:36  SCV  
  55  4:37  Banshee  
  59  4:41  SCV  
  59  4:44  Supply Depot  
  60  4:46  Marine  
  60  4:48  Marine  
  62  4:53  SCV  
  62  4:54  SCV  
  64  5:00  Siege Tank  
  64  5:03  Marine  
  64  5:05  Barracks  
  64  5:06  Barracks  
  68  5:10  SCV x2  
  71  5:17  Refinery  
  71  5:19  Refinery  
  71  5:24  SCV  
  71  5:29  Engineering Bay x2  
  71  5:30  Supply Depot, Starport Reactor  
  71  5:36  Stimpack  
  71  5:37  Marauder  
  71  5:38  SCV  
  71  5:39  SCV  
  49  5:42  Orbital Command  
  75  5:47  Factory Tech Lab  
  75  5:50  SCV  
  75  5:51  SCV  
  75  5:53  Supply Depot  
  77  5:58  Marine  
  77  6:02  SCV  
  77  6:04  Combat Shield, Orbital Command  
  79  6:05  Marauder  
  79  6:06  Marine x2, Barracks  
  79  6:07  SCV, Barracks  
  84  6:14  SCV  
  84  6:16  Marauder  
  84  6:17  Terran Infantry Weapons Level 1, Terran Infantry Armor Level 1  
  87  6:23  SCV  
  88  6:25  Supply Depot  
  88  6:26  SCV, Siege Tank  
  92  6:34  SCV  
  92  6:35  SCV  
  92  6:36  Medivac  
  92  6:38  SCV  
  97  6:40  Refinery  
  97  6:41  Marine  
  97  6:42  Missile Turret, Marine  
  97  6:43  Refinery  
  97  6:45  Medivac  
  97  6:46  SCV  
  102  6:48  Marine  
  102  6:50  SCV  
  102  6:53  Supply Depot  
  102  6:54  Marauder, Barracks Reactor  
  106  6:56  SCV  
  106  7:00  SCV  
  108  7:02  Barracks Reactor  
  108  7:04  Barracks Tech Lab, SCV  
  108  7:07  Marine x2  
  108  7:08  Marauder, SCV  
  114  7:11  Medivac  
  114  7:14  Supply Depot  
  114  7:15  Marauder  
  118  7:19  Siege Tank  
  123  7:22  Marauder  
  123  7:24  Concussive Shells  
  123  7:25  Supply Depot, Marine x2  
  123  7:29  Supply Depot  
  125  7:31  Missile Turret, Supply Depot  
  125  7:35  Marauder, Medivac, SCV x2  
  125  7:36  Marauder  
  133  7:39  Marine x2  
  133  7:43  Marine  
  139  7:46  Armory  
  139  7:47  SCV  
  139  7:48  SCV, Marine  
  141  7:53  Supply Depot  
  141  7:54  Supply Depot, Siege Tank  
  141  7:57  Marauder  
  141  7:58  Marauder  
  148  8:00  Supply Depot, Marine  
  148  8:02  Ghost Academy  
  148  8:04  Marauder, Marine  
  70  8:12  Medivac x2  
  148  8:14  Marine  
  148  8:17  Marine  
  148  8:18  Marauder  
  156  8:23  Marauder, Marine x2  
  156  8:26  Marauder, Siege Tank  
  165  8:32  Marine  
  164  8:34  Marine  
  164  8:41  Marine x2  
  159  8:47  Medivac  
  164  8:50  Medivac, Command Center  
  159  8:55  Ghost  
  159  8:58  Siege Tank  
  159  9:02  Ghost  
  145  9:05  Marine  
  145  9:09  Marauder  
  138  9:12  SCV  
  138  9:17  Marine x3  
Tags
 
Add a new tag
Caveats
  • Supply blocks, unpowered buildings, or Contaminate may cause inaccurate times.
  • Supply counts are checked every 10 seconds.